 Dungeon Crawl Stone Soup version 0.20-a0-251-g16a58bf (webtiles) character file.

12886 KristoblXynda the Thaumaturge (level 11, -2/123 HPs)
             Began as a White Draconian Venom Mage on Nov 29, 2016.
             Was an Elder of Vehumet.
             Slain by a freezing wraith (5 damage)
             ... led by a death knight
             ... on level 11 of the Dungeon on Nov 30, 2016.
             The game lasted 00:43:08 (14595 turns).

KristoblXynda the Thaumaturge (DrVM)               Turns: 14595, Time: 00:43:09

Health: -2/123     AC: 25    Str:  8    XL:     11   Next: 68%
Magic:  28/33      EV:  2    Int: 28    God:    Vehumet [****..]
Gold:   523        SH:  7    Dex: 16    Spells: 9/29 levels left

rFire  + + .     SeeInvis .     v - +7 short sword of Remoalipt {drain, rElec rF+ Str-3 Int+9}
rCold  . . .     Gourm    .     (armour unavailable)
rNeg   + + +     Faith    .     u - +2 buckler
rPois  +         Spirit   .     (helmet currently unavailable)
rElec  +         Reflect  .     (cloak currently unavailable)
rCorr  .         Harm     .     (gloves currently unavailable)
MR     .....     NoTele   +     (boots currently unavailable)
Stlth  +++.......               D - amulet of magic regeneration
                                j - ring of protection from fire
                                s - ring of magical power

@: agile, tree-form, vulnerable, very slightly contaminated, drained
A: (breathe frost), unfitting armour, (antennae 0), (big wings), (cold
resistance 0), wild magic 1, (cold-blooded), AC +7
a: Renounce Religion


You were on level 11 of the Dungeon.
You worshipped Vehumet.
Vehumet was greatly pleased with you.
You were not hungry.
You were a tree.
You visited 3 branches of the dungeon, and saw 13 of its levels.

You collected 613 gold pieces.
You spent 90 gold pieces at shops.

Inventory:

Hand Weapons
 v - the +7 short sword of Remoalipt (weapon) {drain, rElec rF+ Str-3 Int+9}
   (You took it off an orc wizard on level 7 of the Dungeon)

   A truly terrible weapon, it drains the life of those it strikes.
   It affects your strength (-3).
   It affects your intelligence (+9).
   It protects you from fire.
   It insulates you from electricity.
Missiles
 d - a throwing net
 E - 6 javelins (quivered)
Armour
 i - a +1 cloak of poison resistance (melded)
 u - a +2 buckler (worn)
 y - a +1 pair of gloves (melded)
 C - a +0 pair of boots (melded)
Jewellery
 j - a ring of protection from fire (right branch)
 s - a ring of magical power (left branch)
 D - an amulet of magic regeneration (around neck)
Wands
 e - a wand of teleportation (7/9)
 l - a wand of confusion (18/48)
 A - a wand of paralysis (5/24)
 B - a wand of acid (3/15)
Scrolls
 f - a scroll of identify
 q - 4 scrolls of recharging
 w - 5 scrolls of remove curse
Potions
 n - a potion of cancellation
 o - a potion of brilliance
 p - a potion of haste
 t - 2 potions of flight
 x - a potion of agility
Comestibles
 b - 7 bread rations
 c - 6 meat rations
 h - 7 royal jellies
 m - 3 fruits


   Skills:
 - Level 3.3(3.1) Fighting
 - Level 3.1(2.9) Short Blades
 - Level 3.3(3.1) Throwing
 - Level 4.0(3.9) Dodging
 - Level 1.7(1.6) Stealth
 - Level 4.0(3.8) Shields
 - Level 5.2(5.0) Unarmed Combat
 + Level 9.6(9.4) Spellcasting
 - Level 7.0(6.8) Conjurations
 + Level 4.1(3.9) Summonings
 - Level 3.0(2.8) Transmutations
 - Level 6.0(5.8) Air Magic
 - Level 5.2(5.0) Poison Magic
 + Level 4.7(4.5) Evocations


You had 9 spell levels left.
You knew the following spells:

 Your Spells              Type           Power        Failure   Level  Hunger
a - Sting                 Conj/Pois      ####         1%          1    None
b - Mephitic Cloud        Conj/Pois/Air  ######..     1%          3    None
c - Summon Lightning Spi  Summ/Air       ######..     12%         4    None
d - Ignite Poison         Fire/Tmut/Pois #####...     2%          3    None
e - Olgreb's Toxic Radia  Pois           ######..     3%          4    None
f - Fireball              Conj/Fire      #####.....   13%         5    ####...


Dungeon Overview and Level Annotations

Branches:
Dungeon (11/15)            Temple (1/1) D:7            Lair (1/6) D:10
    Orc: D:9-12

Altars:
Ashenzari
Cheibriados
Dithmenos
Elyvilon
Fedhas
Gozag
Hepliaklqana
Kikubaaqudgha
Makhleb
Nemelex Xobeh
Okawaru
Qazlal
Ru
Sif Muna
Trog
Uskayaw
Vehumet
Xom
Yredelemnul
Zin
The Shining One

Shops:
D:4 *   D:11 %


Innate Abilities, Weirdness & Mutations

((You can breathe waves of freezing cold.))
((You can buffet flying creatures when you breathe cold.))
((Your icy white scales are hard. (AC +7)))
You cannot fit into any form of body armour.
((Your flesh is cold resistant. (rC+)))
((You are cold-blooded and may be slowed by cold attacks.))
((You have a pair of small antennae on your head.))
((Your large and strong wings let you fly indefinitely.))
Your spells are a little harder to cast, but a little more powerful.


Message History

You feel much better. The phantasmal warrior hits you!
* * * LOW HITPOINT WARNING * * *
The freezing wraith hits you but does no damage. x2
As you read the scroll of fear, it crumbles to dust.
You assume a fearsome visage.
Your lightning spire is unaffected.
The phantasmal warrior is unaffected.
The freezing wraith is unaffected.
The phantasmal warrior hits you!
* * * LOW HITPOINT WARNING * * *
The freezing wraith hits you but does no damage.
The freezing wraith hits you.
* * * LOW HITPOINT WARNING * * *
Okay, then.
You feel better. The phantasmal warrior hits you!
* * * LOW HITPOINT WARNING * * *
The freezing wraith hits you but does no damage. x2
You feel agile all of a sudden.
You block the phantasmal warrior's attack.
The freezing wraith hits you.
You die...

..≈.≈....+.........#'## #.#
.#.......##..........# #.#
.#######....)..###..#####.#
.........................>#
########.......####..###.## #
#......#....######.###.# #
#.....<#.##.# #.....##.# #
#.#.##....#.####.#..##.# #
#...........##♣W8#W..#.#
###.#.#...####W###{#.#.#
#...#...##...# #W....#
#####...##.### #..#..#
#########...##.#####J.#..#
........#...##...#....#..#
........#...####.#.#..#..####
........#...# #.#.##.#.....#
............####.#....##.##.#


You could see a phantasmal warrior, a freezing wraith and a friendly lightning
spire.

Vanquished Creatures
  Harold (D:11)
  An unseen horror (D:10)
  3 hill giants (D:10)
  A manticore (D:11)
  Maurice (D:8)
  Psyche (D:8)
  A centaur skeleton (D:10)
  The ghost of Nuatha the Covert, a novice OpAs (D:5)
  A troll (D:10)
  A queen bee (D:10)
  A hippogriff (D:10)
  10 yaks
  A basilisk (D:11)
  A wraith (D:10)
  2 hungry ghosts
  Menkaure (D:7)
  The ghost of Zorot the Sneak, an amateur SpEn (D:3)
  A porcupine (Lair:1)
  4 orc warriors
  2 sky beasts
  2 ice beasts (D:7)
  A black bear (D:9)
  An eye of draining (D:11)
  A necrophage (D:8)
  9 ogres
  3 centaurs
  2 phantoms
  2 crocodiles
  A big kobold (D:9)
  6 bullfrogs
  6 scorpions
  23 killer bees
  8 wights
  A howler monkey (D:6)
  3 crimson imps
  A bullfrog zombie (D:8)
  8 hounds
  A jelly (D:10)
  Crazy Yiuf (D:7)
  7 orc wizards
  A bullfrog skeleton (D:4)
  2 iguanas
  Ijyb (D:3)
  8 worker ants
  A killer bee zombie (D:7)
  11 adders
  4 gnolls
  A shadow imp (D:5)
  3 oozes
  2 adder skeletons
  5 worms
  2 dart slugs (D:1)
  8 leopard geckos
  20 orcs
  10 bats
  5 giant cockroaches
  3 hobgoblins
  15 jackals
  10 kobolds
  2 quokkas
  2 frilled lizards (D:1)
  7 goblins
  3 rats
  A fungus (D:7)
250 creatures vanquished.

Vanquished Creatures (collateral kills)
  A hydra (D:11)
  A wraith (D:11)
  A killer bee (D:10)
  A jelly (D:11)
4 creatures vanquished.

Grand Total: 254 creatures vanquished

Notes
Turn   | Place    | Note
-------+----------+-------------------------------------------
     0 | D:1      | KristoblXynda the Draconian Venom Mage began the quest for the Orb.
     0 | D:1      | Reached XP level 1. HP: 14/14 MP: 3/3
   562 | D:1      | Reached skill level 1 in Conjurations
   622 | D:1      | Reached XP level 2. HP: 20/20 MP: 3/5
   945 | D:2      | Reached XP level 3. HP: 25/26 MP: 1/6
   950 | D:2      | Learned a level 3 spell: Mephitic Cloud
  1268 | D:2      | Found a deep blue altar of Sif Muna.
  1703 | D:2      | Reached XP level 4. HP: 30/33 MP: 4/8
  1893 | D:3      | Noticed Zorot's ghost (amateur SpEn)
  1942 | D:3      | Noticed Ijyb
  1970 | D:3      | Killed Ijyb
  2063 | D:3      | Reached skill level 3 in Spellcasting
  2247 | D:3      | Killed Zorot's ghost
  2247 | D:3      | Reached skill level 5 in Poison Magic
  2247 | D:3      | Reached XP level 5. HP: 29/38 MP: 8/10
  2350 | D:3      | Found a sacrificial altar of Ru.
  2526 | D:3      | Found an opulent altar of Gozag.
  2911 | D:4      | Noticed an ogre
  2923 | D:4      | Killed an ogre
  2923 | D:4      | Reached skill level 1 in Air Magic
  2923 | D:4      | Reached XP level 6. HP: 8/45 MP: 6/11
  2938 | D:4      | Reached skill level 1 in Unarmed Combat
  3005 | D:4      | Reached skill level 4 in Spellcasting
  3313 | D:4      | Found Axzarem Loacs's Assorted Antiques.
  3318 | D:4      | Bought a scroll of remove curse for 90 gold pieces
  3421 | D:4      | Found a radiant altar of Vehumet.
  3446 | D:4      | Became a worshipper of Vehumet
  3470 | D:4      | Your scales start taking on an icy white colour.
  3470 | D:4      | Reached XP level 7. HP: 26/50 MP: 7/13
  3470 | D:4      | Gained mutation: Your flesh is cold resistant. (rC+) [White Draconian growth]
  3877 | D:5      | Entered Level 5 of the Dungeon
  3877 | D:5      | Noticed Nuatha's ghost (novice OpAs)
  4184 | D:5      | Found a shattered altar of Ashenzari.
  4233 | D:5      | Killed Nuatha's ghost
  4318 | D:5      | Reached skill level 5 in Spellcasting
  4318 | D:5      | Reached XP level 8. HP: 52/57 MP: 12/15
  4642 | D:6      | Reached skill level 5 in Conjurations
  5047 | D:6      | Found a hide-covered altar of Uskayaw.
  5047 | D:6      | Found a faded altar of an unknown god.
  5053 | D:6      | Found a shadowy altar of Dithmenos.
  5055 | D:6      | Found a faded altar of an unknown god.
  5056 | D:6      | Found a white marble altar of Elyvilon.
  5113 | D:6      | Reached skill level 1 in Evocations
  5528 | D:6      | HP: 2/57 [centaur/shortbow (6)]
  5538 | D:6      | Reached * piety under Vehumet
  5538 | D:6      | Offered knowledge of Sandblast by Vehumet.
  6045 | D:6      | Reached skill level 6 in Spellcasting
  6263 | D:6      | Found an iron altar of Okawaru.
  6264 | D:6      | Found a bloodstained altar of Trog.
  6324 | D:6      | Gained mutation: Your large and strong wings let you fly indefinitely. [potion of mutation]
  6324 | D:6      | Gained mutation: You have a pair of small antennae on your head. [potion of mutation]
  6324 | D:6      | Gained mutation: Your spells are a little harder to cast, but a little more powerful. [potion of mutation]
  6333 | D:6      | Reached XP level 9. HP: 61/62 MP: 18/18
  6703 | D:7      | Found a stormy altar of Qazlal.
  6948 | D:7      | Reached skill level 5 in Unarmed Combat
  7256 | D:7      | Reached skill level 1 in Shields
  7381 | D:7      | Found a staircase to the Ecumenical Temple.
  7394 | D:7      | Reached ** piety under Vehumet
  7394 | D:7      | Offered knowledge of Flame Tongue by Vehumet.
  7400 | Temple   | Entered the Ecumenical Temple
  7531 | D:7      | Noticed Menkaure
  7556 | D:7      | Killed Menkaure
  7723 | D:7      | Got a crude short sword {drain}
  7724 | D:7      | Identified the +7 short sword of Remoalipt {drain, rElec rF+ Str-3 Int+9} (You took it off an orc wizard on level 7 of the Dungeon)
  7910 | D:7      | Found a hazy altar of Hepliaklqana.
  8076 | D:7      | Found a runed door.
  8080 | D:7      | Noticed Crazy Yiuf
  8084 | D:7      | Killed Crazy Yiuf
  8182 | D:8      | Reached skill level 1 in Short Blades
  8387 | D:8      | Noticed Maurice
  8417 | D:8      | Killed Maurice
  8757 | D:8      | Reached skill level 7 in Spellcasting
  9019 | D:8      | Learned a level 4 spell: Summon Lightning Spire
  9028 | D:8      | Noticed Psyche
  9034 | D:8      | Killed Psyche
  9034 | D:8      | Reached XP level 10. HP: 69/69 MP: 20/20
  9523 | D:9      | Offered knowledge of Ignite Poison by Vehumet.
  9553 | D:9      | Reached skill level 1 in Throwing
  9583 | D:9      | Learned a level 3 spell: Ignite Poison
  9917 | D:9      | Reached *** piety under Vehumet
  9931 | D:9      | Reached skill level 1 in Transmutations
  9941 | D:9      | Learned a level 4 spell: Olgreb's Toxic Radiance
 10482 | D:10     | Entered Level 10 of the Dungeon
 10593 | D:10     | HP: 1/69 [centaur warrior skeleton (3)]
 10594 | D:10     | Offered knowledge of Conjure Flame by Vehumet.
 10594 | D:10     | Reached skill level 8 in Spellcasting
 11099 | D:10     | Killed an unseen horror
 11099 | D:10     | Reached skill level 5 in Air Magic
 11875 | D:10     | Noticed a hill giant
 11885 | D:10     | Killed a hill giant
 11885 | D:10     | Reached skill level 1 in Fighting
 11980 | D:10     | Reached XP level 11. HP: 71/77 MP: 23/23
 12104 | D:10     | Reached **** piety under Vehumet
 12231 | D:10     | Found a staircase to the Lair.
 12262 | D:10     | Reached skill level 1 in Summonings
 12457 | D:10     | Noticed a hill giant
 12466 | D:10     | Offered knowledge of Fireball by Vehumet.
 12473 | D:10     | Killed a hill giant
 12473 | D:10     | Reached skill level 9 in Spellcasting
 12811 | D:10     | Learned a level 5 spell: Fireball
 13313 | Lair:1   | Entered Level 1 of the Lair of Beasts
 13379 | D:10     | Noticed a hill giant
 13401 | D:10     | Killed a hill giant
 13705 | D:11     | Upgraded the game from 0.20-a0-222-gb69ddcd to 0.20-a0-251-g16a58bf
 13710 | D:11     | Noticed a four-headed hydra
 13725 | D:11     | Killed a four-headed hydra
 14192 | D:11     | Found Rimiunar's Food Shoppe.
 14238 | D:11     | Noticed Harold
 14301 | D:11     | Killed Harold
 14548 | D:11     | Noticed a death knight
 14548 | D:11     | Noticed a phantasmal warrior
 14591 | D:11     | HP: 6/123 [freezing wraith[a death knight] (21)]
 14595 | D:11     | Slain by a freezing wraith

Vault maps used:
D:1:      scummos_arrival_star
D:2:      led_sif_pool
D:3:      nicolae_ru_the_path_less_chosen, lemuel_crystal_altar, uniq_iyjb
D:4:      lemuel_crystal_altar, serial_shops, kennysheep_little_box, first_bread
D:5:      overflow_temple_1_default
D:6:      hangedman_cross_stitches, grunt_temple_overflow_bloody_war,
          chequers_temple_overflow_minitemple
D:7:      kennysheep_mini_moat, grunt_qazlal_clouds, uniq_crazy_yiuf_cottage,
          uniq_menkaure
D:8:      minmay_splitting_lines, uniq_maurice, uniq_psyche
D:10:     lair_entry_dummy, david_nohive_1, hangedman_decor_growths
D:11:     serial_shops, nicolae_shop_waterfront, uniq_harold
Temple:   nicolae_temple_figure_zero
Lair:1:   beast_lair_carwin_3, lemuel_fruit_fields

Skill      XL: |  1  2  3  4  5  6  7  8  9 10 11 |
---------------+----------------------------------+-----
Conjurations   | 1 2 3 4 5 7 |  7.0
Spellcasting   | 3 4 5 6 7 8 9 |  9.6
Poison Magic   | 5 |  5.2
Air Magic      | 1 2 3 5 6 |  6.0
Unarmed Combat | 1 3 4 5 |  5.2
Dodging        | 2 3 4 |  4.0
Evocations     | 2 3 4 |  4.7
Shields        | 3 4 |  4.0
Short Blades   | 3 |  3.1
Throwing       | 3 |  3.3
Transmutations | 3 |  3.0
Fighting       | 1 3 |  3.3
Summonings     | 4 |  4.1
Stealth        | |  1.7

Action                   |  1- 3 |  4- 6 |  7- 9 | 10-12 || total
-------------------------+-------+-------+-------+-------++-------
Melee: Unarmed           |    31 |    31 |   352 |       ||   414
       Tailslap          |     5 |    10 |    43 |    42 ||   100
       Trident           |       |    28 |       |       ||    28
       Punch             |       |       |     4 |       ||     4
       Short sword       |       |       |    91 |   441 ||   532
Throw: Javelin           |       |       |     2 |       ||     2
 Cast: Sting             |    53 |    77 |   167 |    27 ||   324
       Mephitic Cloud    |       |       |     5 |    29 ||    34
       Ignite Poison     |       |       |       |     3 ||     3
       Olgreb's Toxic Ra |       |       |       |     5 ||     5
       Summon Lightning  |       |       |       |     3 ||     3
 Abil: Breathe Frost     |       |       |    12 |     5 ||    17
Evoke: Wand              |       |       |     6 |     5 ||    11
  Use: Scroll            |       |    15 |     5 |     8 ||    28
       Potion            |       |     4 |     7 |    13 ||    24
 Stab: Invisible         |       |       |     1 |       ||     1
       Paralysed         |       |       |     4 |       ||     4
       Sleeping          |       |       |     2 |     2 ||     4
       Confused          |       |       |     1 |    14 ||    15
  Eat: Chunk             |     3 |     4 |     8 |     3 ||    18
       Fruit             |       |     2 |     5 |       ||     7
       Beef jerky        |       |       |     2 |     1 ||     3
       Pizza             |       |       |     2 |       ||     2
       Meat ration       |       |       |     2 |     1 ||     3
       Bread ration      |       |       |       |     1 ||     1
       Royal jelly       |       |       |       |     1 ||     1
Armor: Skin              |    10 |    32 |   171 |   155 ||   368
Dodge: Dodged            |    26 |    60 |   279 |   201 ||   566
Block: Buckler           |       |       |     9 |   125 ||   134
